 Dungeon Crawl Stone Soup version 0.24.0-13-gcf9b3192b9 (webtiles) character file.

Game seed: 3091329469120976214, levelgen mode: deterministic

475 FishyPogo the Skirmisher (level 6, 0/56 HPs)
             Began as a Draconian Berserker on Nov 8, 2019.
             Was a Priest of Trog.
             Killed from afar by an orc wizard (3 damage)
             ... with a magic dart
             ... on level 4 of the Dungeon.
             The game lasted 00:19:00 (4084 turns).

FishyPogo the Skirmisher (Draconian Berserker)      Turns: 4084, Time: 00:19:00

Health: 0/56       AC:  7    Str: 20    XL:     6   Next: 84%
Magic:  6/6        EV: 20    Int:  7    God:    Trog [***...]
Gold:   182        SH:  0    Dex: 17    Spells: 5/5 levels left

rFire    + . .     SeeInvis .   a - +0 falchion
rCold    + . .     Gourm    .   (no shield)
rNeg     . . .     Faith    .   (armour unavailable)
rPois    .         Spirit   .   (helmet restricted)
rElec    .         Reflect  .   j - scarf {rC+ rF+}
rCorr    .         Harm     .   (no gloves)
MR       .....                  o - +0 pair of boots
Stlth    +++.......             (no amulet)
HPRegen  0.18/turn              i - -5 ring of slaying (curse)
MPRegen  0.10/turn              (no ring)

@: agile, berserk cooldown, very slightly contaminated, slowed, invisible, very
slow
A: unfitting armour, cold-blooded, AC +6
a: Berserk, Trog's Hand, Renounce Religion


You were on level 4 of the Dungeon.
You worshipped Trog.
Trog was most pleased with you.
You were near starving.

You visited 1 branch of the dungeon, and saw 4 of its levels.
You also visited: Sewer.

You collected 182 gold pieces.

Inventory:

Hand Weapons
 a - a +0 falchion (weapon)
 d - a +2 flail of distortion
Missiles
 c - 77 stones
 f - 6 boomerangs (quivered)
Armour
 j - a scarf of resistance (worn)
 o - a +0 pair of boots (worn)
Jewellery
 g - a +4 ring of intelligence
 i - a cursed -5 ring of slaying (left hand)
Wands
 l - a wand of enslavement (7)
Scrolls
 k - 3 scrolls of identify
 n - 2 scrolls of teleportation
 p - a scroll of amnesia
Potions
 m - 2 potions of flight
Comestibles
 b - 5 rations


   Skills:
 * Level 5.4 Fighting
 + Level 4.1 Long Blades
 * Level 2.4 Throwing
 * Level 4.5 Dodging
 * Level 1.1 Evocations


You had 5 spell levels left.
You didn't know any spells.
Your spell library was empty.

Dungeon Overview and Level Annotations

Branches:
Dungeon (4/15)              Sewer (visited)
 Temple: D:4-7

Altars:
Elyvilon
Fedhas
Qazlal
Xom


Innate Abilities, Weirdness & Mutations

Your plain brown scales are hard. (AC +6)
You cannot fit into any form of body armour.
You are cold-blooded and may be slowed by cold attacks.


Message History

Something hits you but does no damage. Something closely misses you.
You miss something. You tail-slap something. Something closely misses you.
Something barely misses you.
Something hits you but does no damage. x2
You closely miss something. You tail-slap something.
Something hits you but does no damage. Something closely misses you.
You hit something but do no damage. Something barely misses you.
Something hits you but does no damage. x2
Okay, then.
You hit something but do no damage. Something misses you.
Something hits you but does no damage.
You hear some strange, mumbled words.
A puff of flame appears from out of thin air!
The puff of flame misses you.
The puff of flame hits something!
Something hits you but does no damage.
You hit something. Something closely misses you. Something barely misses you.
You miss something. Something hits you but does no damage.
You hear some strange, mumbled words.
A magic dart appears from out of thin air!
The magic dart hits you.
You die...

#.......#..#
#.......#..#
#####..P.PP....##
......PP_PP.....#
....##PPPP...?..#
....###PPP......##
.......'........o#
##'#####.......#{#
#.# #.#####.#@#
#<# #.# #.#{# ###
#.# #(.o# #.#
##... ... #.#. $.#
#.#.# #.... ## #.


You could see 2 orcs.

Vanquished Creatures
  An orc wizard (D:3)
  An orc priest (D:4)
  Jessica (D:2)
  Natasha (thrice) (D:2)
  2 merfolk sirens (Sewer)
  A merfolk avatar (Sewer)
  9 adders
  A gnoll (D:1)
  4 river rats (Sewer)
  An ooze (D:2)
  A worm (D:3)
  8 leopard geckos
  4 orcs (D:3)
  3 ball pythons (Sewer)
  7 giant cockroaches
  7 goblins
  13 hobgoblins
  2 jackals (D:2)
  A quokka (D:2)
  8 bats
  9 frilled lizards
  9 kobolds
  A quokka skeleton (D:2)
  28 rats
125 creatures vanquished.

Vanquished Creatures (others)
  5 dream sheep (D:3)
5 creatures vanquished.

Grand Total: 130 creatures vanquished

Notes
Turn   | Place    | Note
-------+----------+-------------------------------------------
     0 | D:1      | FishyPogo the Draconian Berserker began the quest for the
                  | Orb.
     0 | D:1      | Reached XP level 1. HP: 19/19 MP: 1/1
   142 | D:1      | Reached XP level 2. HP: 22/26 MP: 2/2
   341 | D:1      | Reached XP level 3. HP: 19/33 MP: 3/3
   647 | D:1      | You fall into a shaft and drop 1 floor!
   654 | D:2      | Reached skill level 4 in Fighting
   672 | D:2      | Reached ** piety under Trog
   758 | D:2      | Reached XP level 4. HP: 40/40 MP: 4/4
  1386 | D:2      | Noticed Natasha
  1404 | D:2      | Killed Natasha
  1752 | D:2      | Noticed Natasha
  1760 | D:2      | Killed Natasha
  1760 | D:2      | Reached skill level 1 in Throwing
  1760 | D:2      | Reached XP level 5. HP: 26/47 MP: 5/5
  1795 | D:2      | Noticed Jessica
  1828 | D:2      | Killed Jessica
  1861 | D:2      | Noticed Natasha
  1868 | D:2      | Killed Natasha
  1999 | D:3      | Reached skill level 5 in Fighting
  2191 | D:3      | Found a white marble altar of Elyvilon.
  2347 | D:3      | Reached XP level 6. HP: 36/56 MP: 6/6
  2594 | D:3      | Noticed a dream sheep
  2594 | D:3      | Noticed a dream sheep
  2594 | D:3      | Noticed a dream sheep
  2594 | D:3      | Noticed a dream sheep
  2594 | D:3      | Noticed a dream sheep
  2594 | D:3      | Found a shimmering altar of Xom.
  2600 | D:3      | Killed a dream sheep
  2601 | D:3      | Killed a dream sheep
  2601 | D:3      | Killed a dream sheep
  2601 | D:3      | Killed a dream sheep
  2602 | D:3      | Killed a dream sheep
  2689 | D:3      | Found a glowing drain.
  2703 | Sewer    | Entered a sewer
  2995 | Sewer    | Reached *** piety under Trog
  4027 | D:4      | Found a blossoming altar of Fedhas.
  4027 | D:4      | Found a stormy altar of Qazlal.
  4032 | D:4      | Reached skill level 1 in Evocations
  4075 | D:4      | HP: 1/56 [something/magic dart (3)]
  4084 | D:4      | Killed from afar by an orc wizard

Levels and vault maps discovered:
D:1:      onia_arrival_mini_spirals, layout_loops_ring, hangedman_decor_points
D:2:      layout_loops_ring, first_ration, uniq_jessica, uniq_natasha
D:3:      layout_basic, elyvilon_altar_5, portal_sewer_entry_d,
          kb_xom_exploding_sheep
D:4:      layout_basic, grunt_temple_overflow_forces_of_nature,
          lemuel_temple_firewalk_b, uniq_blork_the_orc

Skill      XL: |  1  2  3  4  5  6 |
---------------+-------------------+-----
Dodging        | 3 4 |  4.5
Fighting       | 4 5 |  5.4
Throwing       | 1 2 |  2.4
Long Blades    | 4 |  4.1
Evocations     | 1 |  1.1

Action                   |  1- 3 |  4- 6 || total
-------------------------+-------+-------++-------
Melee: Falchion          |    82 |   417 ||   499
       Tailslap          |    11 |    43 ||    54
Throw: Stone             |       |    14 ||    14
       Boomerang         |       |    45 ||    45
Invok: Berserk           |     3 |     9 ||    12
       Trog's Hand       |       |     2 ||     2
  Use: Scroll            |       |     3 ||     3
       Potion            |       |     5 ||     5
 Stab: Sleeping          |     1 |       ||     1
  Eat: Chunk             |     2 |    19 ||    21
Armor: Skin              |    17 |   123 ||   140
Dodge: Dodged            |    49 |   287 ||   336
       Rpst.: Falchion   |    11 |    96 ||   107
